Map: Zen LE

Players

Ratl - Winner!

  • Race: Protoss Protoss
  • League: Silver
  • Spawn Location: 1:00

Chacal

  • Race: Terran Terran
  • Spawn Location: 7:00

VOD

Have the link to the VOD?

Description

Time

  • Played on: Jan. 12, 2020, 6:44 p.m.
  • Length: 9:05
Show
View Real Time Build Order
Export as new Build Order

Ratl Protoss - Winner!

Build Orders:  

Get SALT Encoding   

  12  0:01  Probe  
  13  0:13  Probe (Chrono Boost)  
  14  0:20  Pylon  
  14  0:25  Probe (Chrono Boost)  
  15  0:34  Assimilator  
  15  0:36  Probe (Chrono Boost)  
  16  0:48  Probe  
  17  0:50  Gateway  
  17  1:00  Probe  
  18  1:12  Gateway  
  18  1:13  Probe  
  18  1:15  Assimilator  
  19  1:25  Probe  
  20  1:37  Probe  
  20  1:38  Cybernetics Core  
  21  1:49  Probe  
  22  2:01  Probe  
  23  2:04  Pylon  
  23  2:07  Pylon  
  23  2:22  Probe  
  24  2:34  Probe  
  25  2:44  Stargate  
  25  2:45  Stargate  
  25  2:46  Probe  
  26  2:53  Adept  
  26  2:55  Warp Gate (Chrono Boost), Adept  
  30  2:58  Probe  
  31  3:10  Probe  
  32  3:23  Probe  
  32  3:24  Nexus  
  33  3:35  Probe  
  34  3:41  Void Ray  
  34  3:47  Probe  
  39  4:03  Pylon  
  39  4:04  Pylon  
  39  4:21  Probe  
  40  4:33  Probe  
  40  4:34  Pylon  
  40  4:36  Assimilator  
  40  4:37  Stargate  
  40  4:38  Stargate  
  41  4:40  Assimilator  
  41  4:43  Cybernetics Core  
  41  4:45  Probe  
  42  4:49  Protoss Air Weapons Level 1 (Chrono Boost)  
  42  5:01  Void Ray  
  46  5:08  Probe (Chrono Boost)  
  46  5:13  Probe (Chrono Boost)  
  48  5:19  Probe (Chrono Boost)  
  50  5:22  Probe (Chrono Boost)  
  50  5:23  Probe (Chrono Boost)  
  51  5:32  Probe  
  51  5:35  Probe  
  53  5:44  Probe, Void Ray x2  
  53  5:47  Probe  
  63  5:56  Probe  
  64  5:59  Probe  
  64  6:01  Void Ray  
  69  6:09  Probe  
  69  6:11  Probe  
  71  6:15  Protoss Air Armor Level 1 (Chrono Boost)  
  71  6:21  Probe  
  71  6:23  Void Ray  
  76  6:45  Probe  
  76  6:46  Probe  
  78  6:56  Nexus  
  78  7:06  Fleet Beacon  
  78  7:10  Shield Battery  
  78  7:16  Robotics Facility  
  78  7:29  Twilight Council  
  78  8:04  Probe x2  
  78  8:07  Void Ray x2  
  84  8:13  Void Ray x2  
  84  8:16  Probe  
  93  9:00  Pylon  
  93  9:02  Pylon  
  93  9:03  Pylon  
Show
View Real Time Build Order
Export as new Build Order

Chacal Terran 

Build Orders:  

Get SALT Encoding   

  12  0:03  SCV  
  13  0:24  SCV  
  13  0:25  Supply Depot  
  14  0:37  SCV  
  14  0:42  Refinery  
  15  0:49  SCV  
  16  0:55  Refinery  
  16  1:01  SCV  
  17  1:13  SCV  
  18  1:25  SCV  
  19  1:33  Barracks  
  19  1:37  SCV  
  20  1:49  SCV  
  21  2:01  SCV  
  22  2:11  Engineering Bay  
  22  2:13  SCV  
  23  2:43  Supply Depot  
  23  2:56  Supply Depot  
  23  3:02  Supply Depot  
  23  3:04  SCV, Terran Infantry Weapons Level 1  
  24  3:17  SCV  
  25  3:26  Ghost Academy  
  25  3:29  SCV  
  26  3:37  Marine  
  26  3:41  SCV  
  28  3:53  SCV  
  28  3:55  Reaper  
  30  3:59  Supply Depot  
  30  4:05  SCV  
  30  4:16  Supply Depot  
  28  4:21  Supply Depot  
  27  4:27  Marine  
  27  4:30  Personal Cloaking  
  28  4:45  Reaper  
  29  4:53  SCV  
  29  4:59  Terran Infantry Armor Level 1  
  30  5:12  Missile Turret  
  30  5:17  Reaper  
  30  5:33  Bunker  
  28  5:56  Enhanced Shockwaves  
  28  6:09  Sensor Tower  
  28  6:11  Marine  
  29  6:27  Orbital Command  
  29  6:29  Reaper  
  30  6:53  Hi-Sec Auto Tracking  
  30  6:59  Factory  
  30  7:01  Reaper  
  31  7:14  Missile Turret  
  31  7:33  Marine, Sensor Tower  
  32  7:42  Command Center  
  32  7:51  Marine  
  30  8:09  Reaper  
Tags
 
League
Silver
Matchup
PvT
Spawn Locations
Cross Positions
Add a new tag
Caveats
  • Supply blocks, unpowered buildings, or Contaminate may cause inaccurate times.
  • Supply counts are checked every 10 seconds.